 Dungeon Crawl Stone Soup version 0.27-a0-1217-g8a41f320e8 (console) character file.

Game seed: 17244346829247982946

79 jejorda2 the Slasher (level 4, -7/37 HPs)
             Began as a Merfolk Berserker on June 5, 2021.
             Was a Believer of Trog.
             Mangled by a gnoll
             ... wielding a +1 halberd of flaming
              (11 damage)
             ... on level 3 of the Dungeon.
             The game lasted 00:02:27 (2166 turns).

jejorda2 the Slasher (Merfolk Berserker)            Turns: 2166, Time: 00:02:28

Health: -7/37      AC:  7    Str: 18    XL:     4   Next: 38%
Magic:  4/4        EV: 11    Int:  6    God:    Trog [**....]
Gold:   114        SH:  0    Dex: 13    Spells: 3/3 levels left

rFire    . . .     SeeInvis .   a - +0 falchion
rCold    . . .     Faith    .   (no shield)
rNeg     . . .     Spirit   .   g - +0 ring mail
rPois    .         Reflect  .   (no helmet)
rElec    .         Harm     .   d - +0 cloak
rCorr    .         Rampage  .   (no gloves)
Will     .....                  c - +0 pair of boots
Stlth    +.........             (no amulet)
HPRegen  0.12/turn              (no ring)
MPRegen  0.09/turn              (no ring)

@: on berserk cooldown, slowed, very slow
A: (nimble swimmer 2), mertail
a: Renounce Religion, Berserk, Trog's Hand


You were on level 3 of the Dungeon.
You worshipped Trog.
Trog was pleased with you.
You visited 1 branch of the dungeon, and saw 3 of its levels.

You collected 114 gold pieces.

Inventory:

Hand Weapons
 a - a +0 falchion (weapon)
Missiles
 n - 8 datura-tipped darts
Armour
 c - a +0 pair of boots (worn)
 d - a +0 cloak (worn)
 g - a +0 ring mail (worn)
Scrolls
 b - a scroll of immolation {unknown}
 e - a scroll of amnesia {unknown}
 f - 3 scrolls of teleportation {unknown}
 j - a scroll of acquirement {unknown}
 k - a scroll of enchant weapon {unknown}
 m - a scroll of identify {unknown}
Potions
 h - a potion of brilliance {unknown}
 i - a potion of ambrosia {unknown}
 l - 2 potions of curing {unknown}


   Skills:
 + Level 3.9 Fighting
 * Level 4.6 Long Blades
 + Level 2.0 Armour
 - Level 2.6 Dodging


You had 3 spell levels left.
You didn't know any spells.
Your spell library was empty.

Dungeon Overview and Level Annotations

Branches:
Dungeon (3/15)

Altars:
Zin


Innate Abilities, Weirdness & Mutations

((You are quick and stealthy near water. (Stealth+, EV+, Speed+++)))
Your lower body shifts to a powerful aquatic tail in water.


Message History

You feel yourself slow down.
Items here: ) ††.
The gnoll barely misses you.
The gnoll hits you from afar with a +1 halberd of flaming!
The gnoll burns you. The gnoll closely misses you.
You riposte.
You hit the gnoll.
The gnoll is heavily wounded.
You hit the gnoll but do no damage.
The gnoll is heavily wounded.
The gnoll misses you. The gnoll closely misses you.
You riposte.
You hit the gnoll.
You kill the gnoll!
Trog accepts your kill. The gnoll barely misses you.
Okay, then.
Unknown command.
The gnoll closely misses you.
You see here a +0 halberd.
You hit the gnoll but do no damage. The gnoll barely misses you.
The gnoll closely misses you.
You hit the gnoll but do no damage. The gnoll closely misses you. x2
You closely miss the gnoll.
The gnoll hits you with a +1 halberd of flaming!
The gnoll burns you.
* * * LOW HITPOINT WARNING * * *
You hit the gnoll.
The gnoll is moderately wounded.
The gnoll completely misses you. The gnoll barely misses you.
You riposte.
You hit the gnoll but do no damage.
The gnoll is moderately wounded.
You hit the gnoll.
The gnoll is heavily wounded.
The gnoll hits you with a +1 halberd of flaming.
* * * LOW HITPOINT WARNING * * *
The gnoll burns you.
* * * LOW HITPOINT WARNING * * *
You closely miss the gnoll.
The gnoll is heavily wounded.
The gnoll hits you with a +1 halberd of flaming!
You die...

##.#.......#####.
#.##......# #
##.....#
#.#####.#.#
#.........#
##########.###
..... #>#
......####.#
......g@.))#
......######
..... .... ... ##


You could see a gnoll.

Vanquished Creatures
  3 gnolls (D:3)
  An adder (D:3)
  An orc (D:3)
  3 endoplasms
  7 giant cockroaches
  4 goblins
  2 hobgoblins
  4 jackals (D:2)
  2 kobolds
  A quokka (D:1)
  3 ball pythons
  2 bats
  2 frilled lizards
  3 rats
38 creatures vanquished.

Notes
Turn   | Place    | Note
-------+----------+-------------------------------------------
     0 | D:1      | jejorda2 the Merfolk Berserker began the quest for the Orb.
     0 | D:1      | Reached XP level 1. HP: 18/18 MP: 1/1
   185 | D:1      | Reached XP level 2. HP: 24/24 MP: 2/2
   574 | D:1      | Found a faded altar of an unknown god.
  1086 | D:2      | Reached XP level 3. HP: 29/29 MP: 3/3
  1139 | D:2      | Reached ** piety under Trog
  1140 | D:2      | Reached skill level 4 in Long Blades
  1349 | D:2      | Found a glowing silver altar of Zin.
  2154 | D:3      | Reached XP level 4. HP: 37/37 MP: 4/4
  2166 | D:3      | Mangled by a gnoll

Illustrated notes

Levels and vault maps discovered:
D:1:      lemuel_arrival_behind_the_door_large, layout_basic,
          ebering_ecumenical_altar_webs, nrook_mini_vaults,
          minmay_misc_feat_plants, palyth_stone_intersect,
          roderic_st_hans_cross, minmay_worlds_worst_comb
D:2:      layout_basic, basic_altar
D:3:      layout_loops_corners

Skill      XL: |  1  2  3 |
---------------+----------+-----
Long Blades    | 4 |  4.6
Armour         | 2 |  2.0
Fighting       | |  3.9
Dodging        | |  2.6

Action                   |  1- 3 |  4- 6 || total
-------------------------+-------+-------++-------
Melee: Falchion          |    95 |    10 ||   105
Invok: Berserk           |     1 |       ||     1
 Stab: Sleeping          |     1 |       ||     1
Armor: Animal skin       |     5 |       ||     5
       Ring mail         |    25 |       ||    25
Dodge: Dodged            |    63 |    12 ||    75
       Rpst.: Falchion   |    21 |     3 ||    24

Table legend: (Time is in decaauts)
 A = Elapsed time spent in this place.
 B = Non-inter-level travel time spent in this place.
 C = Inter-level travel time spent in this place.
 D = Time resting spent in this place.
 E = Time spent auto-exploring this place.
 F = Levels seen in this place.
 G = Mean time per level.
                   A        B        C        D        E       F      G
               +--------+--------+--------+--------+--------+-----+--------+
         Total |   2177 |   2080 |     97 |      5 |   1810 |   3 |  725.7 |
       Dungeon |   2177 |   2080 |     97 |      5 |   1810 |   3 |  725.7 |
               +--------+--------+--------+--------+--------+-----+--------+

Top non-repeatable levels by time:
     D:1: 888 daAuts
     D:2: 850 daAuts
     D:3: 439 daAuts
